 Dungeon Crawl Stone Soup version 0.19-a0-450-g98b348d (webtiles) character file.

70 Skanax the Grave Robber (level 4, 0/30 HPs)
             Began as a Demonspawn Necromancer on May 31, 2016.
             Slain by Natasha (3 damage)
             ... on level 3 of the Dungeon on June 1, 2016.
             The game lasted 00:13:15 (2015 turns).

Skanax the Grave Robber (Demonspawn Necromancer)    Turns: 2015, Time: 00:13:16

Health: 0/30       AC:  3    Str:  8    XL:     4   Next: 4%
Magic:  3/8        EV: 12    Int: 18    God:
Gold:   116        SH:  0    Dex: 13    Spells: 3 memorised, 3 levels left

rFire  . . .     SeeInvis .     j - +0 dagger
rCold  . . .     Gourm    .     a - +0 robe
rNeg   . . .     Faith    .     (no shield)
rPois  .         Spirit   .     (helmet restricted)
rElec  .         Dismiss  .     (no cloak)
rCorr  .         Reflect  .     (no gloves)
SustAt .         Harm     .     h - +0 pair of boots
MR     .....                    (no amulet)
Stlth  ++........               (no ring)
                                (no ring)

@: not resistant to hostile enchantments, unstealthy
A: antennae 2
a: no special abilities


You were on level 3 of the Dungeon.
You were full.

You visited 1 branch of the dungeon, and saw 3 of its levels.

You collected 116 gold pieces.

Inventory:

Hand Weapons
 j - a +0 dagger (weapon)
Missiles
 e - 29 arrows
 g - 153 stones (quivered)
 o - 17 sling bullets
Armour
 a - a +0 robe (worn)
 h - a +0 pair of boots (worn)
Wands
 k - a wand of polymorph (19/24)
Potions
 i - a potion of mutation
 m - a potion of invisibility
 n - a potion of lignification {unknown}
 p - a potion of heal wounds
Books
 b - a book of Necromancy

   Spells                             Type                      Level
   a - Pain                           Necromancy                   1
   b - Animate Skeleton               Necromancy                   1
   c - Vampiric Draining              Necromancy                   3
   d - Regeneration                   Charms/Necromancy            3
   e - Animate Dead                   Necromancy                   4
   f - Control Undead                 Necromancy                   4
Comestibles
 c - 2 bread rations
 d - 6 chunks of flesh
 f - a meat ration
 l - 2 beef jerkies


   Skills:
 + Level 2.0 Dodging
 + Level 1.8 Stealth
 + Level 2.7 Spellcasting
 + Level 5.5 Necromancy


You had 3 spell levels left.
You knew the following spells:

 Your Spells              Type           Power        Failure   Level  Hunger
a - Pain                  Necr           ###.         1%          1    #......
b - Animate Skeleton      Necr           N/A          1%          1    #......
c - Regeneration          Chrm/Necr      ##........   21%         3    ###....


Dungeon Overview and Level Annotations

Branches:
Dungeon (3/15)

Altars:
Sif Muna
Vehumet
Xom

Annotations:
D:3 Natasha; tstbtto's ghost, amateur HOWr


Innate Abilities, Weirdness & Mutations

You have a pair of antennae on your head.


Message History

The puff of frost hits Natasha.
Natasha resists.
Natasha barely misses the white imp.
Your kobold skeleton barely misses Natasha.
Your ball python skeleton closely misses the white imp.
Your ball python skeleton grabs the white imp.
Your ball python skeleton constricts the white imp.
The white imp hits Natasha.
The white imp freezes Natasha.
Natasha completely resists.
Natasha claws the white imp.
Casting: Pain
Confirm with . or Enter, or press ? or * to list all spells.
Aiming: Pain
Press: ? - help, Shift-Dir - straight line, f/p - Natasha
Aim: Natasha (moderately wounded, unusually agile, chance to defeat MR: 81%) Natasha convulses in agony!
Your ball python skeleton bites the white imp but does no damage.
Your ball python skeleton constricts the white imp.
Natasha claws you.
You die...

. #...........
#...........
#.(..$.....
#........#
#........#
#...5....# #..
#..Z%Z...# #..
#..hZ....# #..
#.@.5....# #?.
#........###+####..
#######?...........
#............
#............
+............
#............
#............
#............


You could see Natasha, a white imp, a shadow imp, a friendly ball python
skeleton, a friendly kobold skeleton and the friendly Natasha the felid
skeleton.

Vanquished Creatures
  Natasha (D:3)
  3 giant geckos
  6 bats
  2 giant cockroaches
  6 goblins
  4 hobgoblins
  3 jackals (D:2)
  2 quokkas (D:2)
  A ball python (D:3)
  3 giant newts
  3 kobolds
  A butterfly (D:2)
35 creatures vanquished.

Vanquished Creatures (collateral kills)
  An adder (D:2)
  A kobold (D:1)
  A giant newt (D:1)
3 creatures vanquished.

Vanquished Creatures (others)
  A butterfly (D:2)
1 creature vanquished.

Grand Total: 39 creatures vanquished

Notes
Turn   | Place    | Note
--------------------------------------------------------------
     0 | D:1      | Skanax the Demonspawn Necromancer began the quest for the Orb.
     0 | D:1      | Reached XP level 1. HP: 13/13 MP: 3/3
     2 | D:1      | Learned a level 1 spell: Animate Skeleton
   331 | D:1      | Gained mutation: You have a pair of small antennae on your head. [demonic ancestry]
   331 | D:1      | Reached XP level 2. HP: 15/19 MP: 0/5
   845 | D:2      | Found a shimmering altar of Xom.
   854 | D:2      | Upgraded the game from 0.19-a0-414-g76fec5b to 0.19-a0-450-g98b348d
   867 | D:2      | Found a radiant altar of Vehumet.
   977 | D:2      | Reached skill level 5 in Necromancy
  1104 | D:2      | Reached XP level 3. HP: 20/24 MP: 0/6
  1109 | D:2      | Learned a level 3 spell: Regeneration
  1571 | D:3      | Noticed tstbtto's ghost (amateur HOWr)
  1882 | D:3      | Noticed Natasha
  1885 | D:3      | Found a deep blue altar of Sif Muna.
  1894 | D:3      | Killed Natasha
  1895 | D:3      | Gained mutation: You have a pair of antennae on your head. [demonic ancestry]
  1895 | D:3      | Reached XP level 4. HP: 22/30 MP: 0/8
  1954 | D:3      | Noticed Natasha
  2015 | D:3      | Slain by Natasha

Vault maps used:
D:1:      wheals_arrival_linesprint, hangedman_decor_growths
D:2:      xom_butterflies, fiery_altar_vehumet
D:3:      lemuel_crystal_altar, first_bread,
          gammafunk_pakellas_statue_experiment, uniq_natasha

Skill      XL: |  1  2 |
---------------+-------+-----
Dodging        | 2 |  2.0
Necromancy     | 5 |  5.5
Stealth        | |  1.8
Spellcasting   | |  2.7

Action                   |  1- 3 |  4- 6 || total
-------------------------+-------+-------++-------
Melee: Unarmed           |     6 |       ||     6
       Dagger            |    10 |       ||    10
Throw: Stone             |     2 |       ||     2
 Cast: Pain              |    43 |     7 ||    50
       Animate Skeleton  |    19 |     3 ||    22
  Use: Scroll            |     8 |       ||     8
  Eat: Chunk             |     3 |       ||     3
       Meat ration       |     1 |       ||     1
Armor: Robe              |     3 |     1 ||     4
Dodge: Dodged            |    14 |     1 ||    15
